 Dungeon Crawl Stone Soup version 0.25-a0-429-g4e43983 (webtiles) character file.

Game seed: 9496165100332584128, levelgen mode: deterministic

296 Firebatgyro the Slasher (level 6, -2/48 HPs)
             Began as a Demonspawn Gladiator on Jan 25, 2020.
             Slain by a gnoll
             ... wielding a +0 whip
              (10 damage)
             ... on level 4 of the Dungeon.
             The game lasted 00:04:40 (3236 turns).

Firebatgyro the Slasher (Demonspawn Gladiator)      Turns: 3236, Time: 00:04:40

Health: -2/48      AC:  8    Str: 16    XL:     6   Next: 12%
Magic:  6/6        EV: 13    Int:  9    God:
Gold:   195        SH:  0    Dex: 15    Spells: 5/5 levels left

rFire    . . .     SeeInvis +   c - +2 dagger (venom)
rCold    . . .     Gourm    .   (no shield)
rNeg     . . .     Faith    .   b - +0 leather armour
rPois    .         Spirit   .   (helmet unavailable)
rElec    .         Reflect  .   p - +0 cloak
rCorr    .         Harm     .   m - +0 pair of gloves
MR       .....                  l - +0 pair of boots {Stlth+}
Stlth    +++.......             q - amulet of rage
HPRegen  0.16/turn              (no ring)
MPRegen  0.10/turn              (no ring)

@: no status effects
A: antennae 3, yellow scales 1
a: Evoke Berserk Rage


You were on level 4 of the Dungeon.
You were hungry.

You visited 1 branch of the dungeon, and saw 4 of its levels.

You collected 195 gold pieces.

Inventory:

Hand Weapons
 a - a +0 long sword
 c - a +2 dagger of venom (weapon)
Missiles
 d - 3 throwing nets (quivered)
 j - 7 curare-tipped darts
Armour
 b - a +0 leather armour (worn)
 l - a +0 pair of boots of stealth (worn)
 m - a +0 pair of gloves (worn)
 p - a +0 cloak (worn)
Jewellery
 q - an amulet of rage (around neck)
Scrolls
 e - a scroll of enchant weapon {unknown}
 g - a scroll of magic mapping {unknown}
 h - a scroll of random uselessness {unknown}
 i - 3 scrolls of teleportation {unknown}
 k - 2 scrolls of blinking {unknown}
 n - a scroll of identify {unknown}
 r - a scroll of remove curse {unknown}
Potions
 o - a potion of lignification
Comestibles
 f - 7 rations


   Skills:
 + Level 3.7 Fighting
 + Level 4.0 Long Blades
 - Level 1.7 Throwing
 - Level 1.6 Armour
 + Level 3.5 Dodging
 + Level 2.2 Stealth


You had 5 spell levels left.
You didn't know any spells.
Your spell library was empty.

Dungeon Overview and Level Annotations

Branches:
Dungeon (4/15)
 Temple: D:4-7

Altars:
Nemelex Xobeh
Okawaru
Sif Muna


Innate Abilities, Weirdness & Mutations

You have a pair of large antennae on your head. (SInv)
You are partially covered in yellow scales. (AC +2)


Message History

The gnoll misses you.
You kill the gnoll!
Your Long Blades skill increases to level 4!
The gnoll throws a throwing net.
The throwing net misses you. The gnoll hits you with a +0 whip.
You hit the gnoll.
The gnoll is poisoned.
The gnoll is lightly wounded.
The gnoll closely misses you. The gnoll hits you with a +0 whip.
You closely miss the gnoll.
The gnoll is moderately wounded.
The gnoll hits you but does no damage.
The gnoll throws a throwing net.
The throwing net hits you.
You become entangled in the net!
You see here a throwing net.
You tear a large gash into the net.
You struggle against the net.
The gnoll completely misses you.
The gnoll hits you from afar with a +0 spear!
* * * LOW HITPOINT WARNING * * *
You shred the net and break free! The gnoll hits you with a +0 whip!
You die...

#.####.#.#.......#.#.#
.......>.#######.#.#.##
.####................#
.####..##########.####
#.........(..........#
#.######...........#.#
..........#########.#
.######.#.# #.# #.#@#
#.# #.#g# #.# #.#g# #.#
.######.#.# #.#
..........# #.#
..........# #.#
........?)#
..........######
.................


You could see 2 gnolls.

Vanquished Creatures
  An ogre (D:3)
  Natasha (D:2)
  Robin (D:2)
  4 adders
  2 gnolls (D:4)
  5 worms
  A dart slug (D:2)
  7 leopard geckos
  4 giant cockroaches
  14 goblins
  13 hobgoblins
  9 jackals
  11 kobolds
  3 ball pythons
  9 bats
  4 frilled lizards
  11 rats
100 creatures vanquished.

Notes
Turn   | Place    | Note
-------+----------+-------------------------------------------
     0 | D:1      | Firebatgyro the Demonspawn Gladiator began the quest for
                  | the Orb.
     0 | D:1      | Reached XP level 1. HP: 16/16 MP: 1/1
   105 | D:1      | Gained mutation: You have a pair of small antennae on your
                  | head. [demonic ancestry]
   105 | D:1      | Reached XP level 2. HP: 18/22 MP: 2/2
   211 | D:1      | Reached skill level 3 in Long Blades
   211 | D:1      | Reached skill level 1 in Armour
   757 | D:1      | Gained mutation: You have a pair of antennae on your head.
                  | [demonic ancestry]
   757 | D:1      | Reached XP level 3. HP: 28/28 MP: 3/3
   835 | D:2      | Found a shimmering blue altar of Sif Muna.
   955 | D:2      | Found a sparkling altar of Nemelex Xobeh.
  1087 | D:2      | Found an iron altar of Okawaru.
  1474 | D:2      | Gained mutation: You have a pair of large antennae on your
                  | head. (SInv) [demonic ancestry]
  1474 | D:2      | Reached XP level 4. HP: 33/34 MP: 4/4
  1614 | D:2      | Noticed Robin
  1655 | D:2      | Killed Robin
  1655 | D:2      | Reached skill level 1 in Stealth
  2172 | D:2      | Noticed Natasha
  2175 | D:2      | Killed Natasha
  2175 | D:2      | Gained mutation: You are partially covered in yellow
                  | scales. (AC +2) [demonic ancestry]
  2175 | D:2      | Reached XP level 5. HP: 41/41 MP: 5/5
  2472 | D:3      | Noticed an ogre
  2485 | D:3      | Killed an ogre
  2705 | D:3      | Reached XP level 6. HP: 34/48 MP: 6/6
  3228 | D:4      | Reached skill level 4 in Long Blades
  3236 | D:4      | Slain by a gnoll

Levels and vault maps discovered:
D:1:      nzn_arrival_crosshair, layout_basic
D:2:      layout_loops_corners, led_sif_pool, nemelex_xobeh_ov_fountains_minmay,
          lemuel_round_altar, uniq_robin, uniq_natasha
D:3:      layout_basic
D:4:      minmay_diamond_boxcup, layout_basic, lemuel_coloured_pillars_altar,
          first_ration, abandoned_shop

Skill      XL: |  1  2  3  4  5  6 |
---------------+-------------------+-----
Long Blades    | 3 4 |  4.0
Armour         | 1 |  1.6
Fighting       | 3 |  3.7
Stealth        | 1 2 |  2.2
Dodging        | 3 |  3.5
Throwing       | |  1.7

Action                   |  1- 3 |  4- 6 || total
-------------------------+-------+-------++-------
Melee: Long sword        |    32 |       ||    32
       Dagger            |    82 |   149 ||   231
  Use: Potion            |       |     2 ||     2
 Stab: Sleeping          |     5 |    11 ||    16
  Eat: Chunk             |     2 |     5 ||     7
Armor: Leather armour    |    30 |    35 ||    65
       Skin              |       |    15 ||    15
Dodge: Dodged            |    78 |    83 ||   161
       Rpst.: Long sword |     8 |       ||     8

Table legend:
 A = Non-vault XP
 B = Vault XP
 C = Vault XP percentage of total XP
 D = Non-vault monster count
 E = Vault monster count
 F = Vault count percentage of total count
                 A         B        C        D         E       F
            +---------+---------+-------+---------+---------+-------
      Total |     354 |      70 |  16.5 |      86 |      14 |  14.0
            +---------+---------+-------+---------+---------+-------
        D:1 |      45 |       0 |   0.0 |      29 |       0 |   0.0
        D:2 |     107 |      70 |  39.5 |      32 |      14 |  30.4
        D:3 |     174 |       0 |   0.0 |      23 |       0 |   0.0
        D:4 |      28 |       0 |   0.0 |       2 |       0 |   0.0
            +---------+---------+-------+---------+---------+-------
